[ AOE2 MATCH · #507140084 ]
UnrankedCumans vs Japanese
Player's team · WIN
Rival team · LOSS
[ REPLAY ANALYSIS · EXTRACTED FROM THE RECORDED GAME ]
Feudal
9:46
Castle
21:28
Imperial
27:49
| APM avg | 53.8 |
| APM peak | 106 |
| eAPM avg | 30.6 |
| Villagers / military | 118 / 58 |
Focus
⚔️ 27.3% · 🌾 72.7%
Kipchak ×52 · Trebuchet (Packed) ×4 · Monk ×1 · Mangonel ×1
Feudal
11:21
Castle
15:15
Imperial
30:22
| APM avg | 47.6 |
| APM peak | 106 |
| eAPM avg | 26.9 |
| Villagers / military | 108 / 21 |
Focus
⚔️ 33.0% · 🌾 67.0%
Monk ×7 · Mangonel ×5 · Knight ×3 · Trebuchet (Packed) ×3 · Militia ×1 · Battering Ram ×1
Match map
Initial resources + every placement click. Lines = walls · curves = elevation contours. ◆ gold · ⬟ stone · ● berries · ✦ relic · ◌ wall gap
Your base· ✓ Closed at 21:28 · 0t walls · 2 gate(s)
Fluesterasphalt's base· ✓ Closed at 15:15 · 64t walls · 2 gate(s)
Smoothed initial terrain · ◌ = detected wall gap · hover for details
Inputs per minute
— Li_78 - - Fluesterasphalt
Build order — Li_78
First 150 of 290 actions detected
| 0:00 | Queue | Villager (Male) |
| 0:00 | Queue | Villager (Male) |
| 0:01 | Build | House |
| 0:03 | Build | House |
| 0:04 | Build | House |
| 0:09 | Queue | Villager (Male) |
| 0:10 | Queue | Villager (Male) |
| 1:31 | Queue | Villager (Male) |
| 1:56 | Build | Lumber Camp |
| 2:00 | Queue | Villager (Male) |
| 2:01 | Queue | Villager (Male) |
| 2:24 | Queue | Villager (Male) |
| 3:22 | Queue | Villager (Male) |
| 3:22 | Queue | Villager (Male) |
| 3:22 | Queue | Villager (Male) |
| 3:31 | Build | House |
| 3:35 | Build | House |
| 3:38 | Build | House |
| 3:38 | Build | House |
| 4:10 | Queue | Villager (Male) |
| 4:27 | Build | Mining Camp |
| 4:33 | Queue | Villager (Male) |
| 4:39 | Queue | Villager (Male) |
| 4:39 | Queue | Villager (Male) |
| 4:54 | Queue | Villager (Male) |
| 5:25 | Queue | Villager (Male) |
| 6:09 | Queue | Villager (Male) |
| 6:36 | Queue | Villager (Male) |
| 6:58 | Queue | Villager (Male) |
| 7:13 | Build | Mill |
| 7:18 | Research | Loom |
| 7:36 | Research | Feudal Age |
| 8:24 | Queue | Villager (Male) |
| 9:21 | Build | House |
| 9:46 | Age | Feudal Age |
| 9:47 | Build | Watch Tower |
| 9:51 | Build | Town Center |
| 10:00 | Queue | Villager (Male) |
| 10:01 | Research | Double-Bit Axe |
| 10:26 | Queue | Villager (Male) |
| 10:43 | Queue | Villager (Male) |
| 10:52 | Research | Horse Collar |
| 11:10 | Queue | Villager (Male) |
| 11:23 | Research | Loom |
| 11:28 | Queue | Villager (Male) |
| 11:41 | Queue | Villager (Male) |
| 11:45 | Queue | Villager (Male) |
| 11:45 | Queue | Villager (Male) |
| 11:45 | Queue | Villager (Male) |
| 11:48 | Build | Farm |
| 11:51 | Build | Farm |
| 12:12 | Queue | Villager (Male) |
| 12:15 | Build | Farm |
| 12:21 | Build | House |
| 12:28 | Build | House |
| 12:33 | Queue | Villager (Male) |
| 12:46 | Build | Watch Tower |
| 12:50 | Queue | Villager (Male) |
| 12:53 | Build | Farm |
| 12:58 | Queue | Villager (Male) |
| 13:02 | Build | Farm |
| 13:12 | Queue | Villager (Male) |
| 13:13 | Build | Farm |
| 13:17 | Build | Farm |
| 13:22 | Queue | Villager (Male) |
| 13:23 | Queue | Villager (Male) |
| 13:26 | Build | House |
| 13:28 | Build | House |
| 13:28 | Build | House |
| 13:28 | Build | House |
| 13:28 | Build | House |
| 13:31 | Build | House |
| 13:38 | Queue | Villager (Male) |
| 13:45 | Build | Farm |
| 13:57 | Queue | Villager (Male) |
| 13:59 | Build | Farm |
| 14:10 | Build | Farm |
| 14:14 | Build | Farm |
| 14:21 | Queue | Villager (Male) |
| 14:36 | Build | Farm |
| 14:38 | Build | Farm |
| 14:45 | Queue | Villager (Male) |
| 14:45 | Queue | Villager (Male) |
| 14:48 | Build | Farm |
| 14:53 | Queue | Villager (Male) |
| 15:02 | Build | Watch Tower |
| 15:08 | Queue | Villager (Male) |
| 15:11 | Build | Farm |
| 15:12 | Build | Farm |
| 15:15 | Queue | Villager (Male) |
| 15:16 | Queue | Villager (Male) |
| 15:29 | Research | Wheelbarrow |
| 15:37 | Build | Farm |
| 15:42 | Queue | Villager (Male) |
| 15:59 | Build | Blacksmith |
| 16:03 | Queue | Villager (Male) |
| 16:12 | Queue | Villager (Male) |
| 16:14 | Build | Farm |
| 16:21 | Build | Farm |
| 16:35 | Research | Fletching |
| 16:39 | Build | Farm |
| 16:45 | Build | Farm |
| 16:51 | Queue | Villager (Male) |
| 16:59 | Queue | Villager (Male) |
| 16:59 | Queue | Villager (Male) |
| 17:05 | Build | Farm |
| 17:22 | Queue | Villager (Male) |
| 17:22 | Queue | Villager (Male) |
| 17:40 | Queue | Villager (Male) |
| 17:40 | Queue | Villager (Male) |
| 17:44 | Build | Market |
| 17:54 | Queue | Villager (Male) |
| 17:55 | Queue | Villager (Male) |
| 18:06 | Build | Siege Workshop |
| 18:25 | Build | House |
| 18:39 | Build | House |
| 18:41 | Build | House |
| 18:42 | Build | House |
| 18:48 | Research | Castle Age |
| 19:04 | Queue | Villager (Male) |
| 19:08 | Build | Farm |
| 19:09 | Build | Farm |
| 19:11 | Build | Farm |
| 19:20 | Build | House |
| 19:25 | Build | House |
| 19:28 | Build | House |
| 19:28 | Build | House |
| 19:30 | Build | House |
| 19:30 | Build | House |
| 19:42 | Queue | Villager (Male) |
| 19:43 | Queue | Villager (Male) |
| 19:43 | Queue | Villager (Male) |
| 20:21 | Build | House |
| 20:21 | Build | House |
| 20:31 | Build | House |
| 20:52 | Queue | Villager (Male) |
| 21:07 | Queue | Villager (Male) |
| 21:18 | Queue | Villager (Male) |
| 21:21 | Queue | Villager (Male) |
| 21:28 | Age | Castle Age |
| 21:31 | Queue | Mangonel |
| 21:32 | Queue | Villager (Male) |
| 21:44 | Build | Castle |
| 21:49 | Queue | Villager (Male) |
| 22:00 | Queue | Villager (Male) |
| 22:00 | Queue | Villager (Male) |
| 22:09 | Queue | Villager (Male) |
| 22:09 | Queue | Villager (Male) |
| 22:14 | Build | Farm |
| 22:14 | Build | Farm |
Build order — Fluesterasphalt
First 150 of 250 actions detected
| 0:00 | Queue | Villager (Male) |
| 0:01 | Queue | Villager (Male) |
| 0:02 | Build | House |
| 0:03 | Build | House |
| 0:07 | Queue | Villager (Male) |
| 0:07 | Queue | Villager (Male) |
| 0:07 | Queue | Villager (Male) |
| 1:30 | Queue | Villager (Male) |
| 2:04 | Queue | Villager (Male) |
| 2:04 | Queue | Villager (Male) |
| 2:26 | Build | Lumber Camp |
| 2:31 | Queue | Villager (Male) |
| 2:48 | Queue | Villager (Male) |
| 3:11 | Queue | Villager (Male) |
| 3:36 | Queue | Villager (Male) |
| 3:36 | Queue | Villager (Male) |
| 3:57 | Build | House |
| 4:18 | Build | House |
| 4:20 | Build | House |
| 4:23 | Queue | Villager (Male) |
| 4:41 | Build | Mill |
| 4:47 | Queue | Villager (Male) |
| 4:47 | Queue | Villager (Male) |
| 5:14 | Queue | Villager (Male) |
| 5:34 | Queue | Villager (Male) |
| 5:34 | Queue | Villager (Male) |
| 6:07 | Build | Farm |
| 6:23 | Build | Lumber Camp |
| 6:29 | Queue | Villager (Male) |
| 6:29 | Queue | Villager (Male) |
| 6:50 | Build | Farm |
| 7:09 | Build | Farm |
| 7:25 | Queue | Villager (Male) |
| 7:43 | Queue | Villager (Male) |
| 8:07 | Build | Farm |
| 8:12 | Queue | Villager (Male) |
| 8:34 | Queue | Villager (Male) |
| 8:42 | Research | Feudal Age |
| 8:53 | Build | Mining Camp |
| 9:58 | Build | Barracks |
| 10:05 | Build | Barracks |
| 10:22 | Build | House |
| 10:34 | Build | Palisade Wall |
| 10:44 | Research | Loom |
| 10:44 | Queue | Villager (Male) |
| 10:57 | Build | Palisade Wall |
| 10:57 | Build | Palisade Wall |
| 11:10 | Build | Palisade Wall |
| 11:12 | Build | Palisade Wall |
| 11:21 | Age | Feudal Age |
| 11:35 | Queue | Villager (Male) |
| 11:37 | Research | Double-Bit Axe |
| 11:40 | Build | Market |
| 11:45 | Build | Blacksmith |
| 12:02 | Build | Palisade Wall |
| 12:06 | Build | Palisade Wall |
| 12:09 | Build | Palisade Wall |
| 12:13 | Queue | Villager (Male) |
| 12:26 | Build | Palisade Wall |
| 12:30 | Build | Palisade Wall |
| 12:33 | Build | Palisade Wall |
| 12:35 | Research | Castle Age |
| 13:20 | Build | Stable |
| 13:33 | Build | Palisade Wall |
| 13:35 | Build | Palisade Wall |
| 13:37 | Build | Palisade Wall |
| 13:39 | Build | Palisade Wall |
| 13:52 | Build | Palisade Wall |
| 14:17 | Queue | Villager (Male) |
| 14:33 | Build | House |
| 14:41 | Build | House |
| 15:05 | Build | Palisade Wall |
| 15:15 | Age | Castle Age |
| 15:18 | Build | Siege Workshop |
| 15:27 | Queue | Knight |
| 15:34 | Research | Bow Saw |
| 15:34 | Queue | Villager (Male) |
| 15:43 | Build | House |
| 15:54 | Queue | Knight |
| 15:55 | Queue | Knight |
| 15:58 | Queue | Mangonel |
| 16:01 | Build | House |
| 16:03 | Queue | Villager (Male) |
| 16:10 | Build | Farm |
| 16:24 | Build | Farm |
| 16:28 | Queue | Villager (Male) |
| 16:31 | Build | Palisade Wall |
| 16:45 | Queue | Villager (Male) |
| 16:49 | Queue | Battering Ram |
| 17:25 | Queue | Villager (Male) |
| 17:54 | Queue | Villager (Male) |
| 18:18 | Build | Palisade Wall |
| 18:37 | Build | House |
| 18:46 | Queue | Villager (Male) |
| 18:47 | Build | Monastery |
| 18:48 | Build | Farm |
| 18:52 | Build | Farm |
| 19:15 | Queue | Villager (Male) |
| 19:17 | Build | Farm |
| 19:19 | Build | Farm |
| 19:21 | Build | Farm |
| 19:32 | Build | Town Center |
| 19:36 | Queue | Monk |
| 19:36 | Queue | Monk |
| 19:51 | Queue | Villager (Male) |
| 19:53 | Build | Farm |
| 20:12 | Build | Town Center |
| 20:13 | Queue | Villager (Male) |
| 20:27 | Queue | Scout Cavalry |
| 20:38 | Build | House |
| 20:41 | Queue | Villager (Male) |
| 20:43 | Build | Farm |
| 20:45 | Build | Farm |
| 20:46 | Queue | Monk |
| 20:54 | Queue | Villager (Male) |
| 20:56 | Build | Farm |
| 20:56 | Build | Farm |
| 20:57 | Build | Farm |
| 21:00 | Build | Farm |
| 21:02 | Build | Farm |
| 21:03 | Build | Farm |
| 21:04 | Build | Farm |
| 21:07 | Build | Farm |
| 21:08 | Queue | Villager (Male) |
| 21:08 | Queue | Villager (Male) |
| 21:22 | Queue | Villager (Male) |
| 21:40 | Queue | Villager (Male) |
| 21:41 | Queue | Villager (Male) |
| 21:41 | Queue | Villager (Male) |
| 21:48 | Queue | Monk |
| 21:56 | Build | Farm |
| 21:56 | Build | Farm |
| 22:00 | Queue | Villager (Male) |
| 22:03 | Build | Farm |
| 22:05 | Queue | Villager (Male) |
| 22:05 | Queue | Villager (Male) |
| 22:16 | Queue | Villager (Male) |
| 22:27 | Queue | Villager (Male) |
| 22:27 | Queue | Villager (Male) |
| 22:36 | Research | Sanctity |
| 22:39 | Build | Monastery |
| 22:40 | Queue | Villager (Male) |
| 22:40 | Queue | Villager (Male) |
| 22:40 | Queue | Villager (Male) |
| 22:44 | Queue | Villager (Male) |
| 22:45 | Build | Farm |
| 22:47 | Build | Farm |
| 22:55 | Queue | Villager (Male) |
| 22:56 | Queue | Villager (Male) |
| 22:57 | Build | Lumber Camp |
Match timeline
| 9:46 | Li_78 · age_up feudal |
| 9:58 | Fluesterasphalt · first_building Barracks |
| 10:34 | Fluesterasphalt · wall_segment Palisade Wall x7 |
| 10:57 | Fluesterasphalt · wall_segment Palisade Wall x5 |
| 10:57 | Fluesterasphalt · wall_segment Palisade Wall x2 |
| 11:10 | Fluesterasphalt · wall_segment Palisade Wall x6 |
| 11:12 | Fluesterasphalt · wall_segment Palisade Wall x3 |
| 11:21 | Fluesterasphalt · age_up feudal |
| 12:02 | Fluesterasphalt · wall_segment Palisade Wall x6 |
| 12:06 | Fluesterasphalt · wall_segment Palisade Wall x1 |
| 12:09 | Fluesterasphalt · wall_segment Palisade Wall x5 |
| 12:26 | Fluesterasphalt · wall_segment Palisade Wall x1 |
| 12:30 | Fluesterasphalt · wall_segment Palisade Wall x4 |
| 12:33 | Fluesterasphalt · wall_segment Palisade Wall x7 |
| 13:20 | Fluesterasphalt · first_building Stable |
| 13:33 | Fluesterasphalt · wall_segment Palisade Wall x1 |
| 13:35 | Fluesterasphalt · wall_segment Palisade Wall x4 |
| 13:37 | Fluesterasphalt · wall_segment Palisade Wall x1 |
| 13:39 | Fluesterasphalt · wall_segment Palisade Wall x1 |
| 13:52 | Fluesterasphalt · wall_segment Palisade Wall x9 |
| 15:05 | Fluesterasphalt · wall_segment Palisade Wall x3 |
| 15:15 | Fluesterasphalt · age_up castle |
| 15:18 | Fluesterasphalt · first_building Siege Workshop |
| 16:31 | Fluesterasphalt · wall_segment Palisade Wall x1 |
| 18:06 | Li_78 · first_building Siege Workshop |
| 18:18 | Fluesterasphalt · wall_segment Palisade Wall x1 |
| 18:47 | Fluesterasphalt · first_building Monastery |
| 20:26 | Fluesterasphalt · first_market_buy 100 food |
| 21:28 | Li_78 · age_up castle |
| 21:44 | Li_78 · first_building Castle |
| 25:38 | Li_78 · first_market_sell 100 food |
| 25:39 | Li_78 · first_market_buy 100 wood |
| 25:57 | Li_78 · wall_segment Palisade Wall x1 |
| 25:59 | Li_78 · wall_segment Palisade Wall x1 |
| 26:37 | Fluesterasphalt · first_market_sell 500 wood |
| 27:42 | Fluesterasphalt · wall_segment Stone Wall x1 |
| 27:49 | Li_78 · age_up imperial |
| 28:14 | Fluesterasphalt · first_building Castle |
| 29:28 | Li_78 · first_building Barracks |
| 30:14 | Li_78 · first_building Stable |
| 30:22 | Fluesterasphalt · age_up imperial |
| 32:25 | Li_78 · first_building Monastery |
| 33:18 | Fluesterasphalt · resign |
[ AI ANALYSIS · 1 CREDIT ]
What really happened in this match?
Wolo.gg analyzes every decision: build order, eco, micro, common mistakes by bracket. Personalized analysis on WhatsApp or Discord in 30 seconds.
Civ guide
Cumans
Perfil
Jugador #11711440